 Dungeon Crawl Stone Soup version 0.28-a0-1199-gef9e1dbd39 (webtiles) character file.

Game seed: 620189744109254020

312 sanka the Slasher (level 6, -13/50 HPs)
             Began as a Palentonga Fighter on Dec 19, 2021.
             Was an Initiate of Okawaru.
             Mangled by an ogre (18 damage)
             ... on level 4 of the Dungeon.
             The game lasted 00:03:33 (3521 turns).

sanka the Slasher (Palentonga Fighter)              Turns: 3521, Time: 00:03:34

Health: -13/50     AC:  8    Str: 21    XL:     6   Next: 18%
Magic:  6/6        EV:  9    Int:  8    God:    Okawaru [......]
Gold:   310        SH:  4    Dex: 13    Spells: 5/5 levels left

rFire   + . .      SeeInvis +   a - +0 long sword
rCold   + . .      Faith    .   c - +0 buckler
rNeg    . . .      Spirit   .   o - +3 leather armour of the Grue {-Tele rElec rC+ Dex+3}
rPois   .          Reflect  .   k - +0 hat
rElec   +          Harm     .   (no cloak)
rCorr   .          Rampage  .   p - +0 pair of gloves
Will    +....      NoTele   +   (no barding)
Stlth   +.........              (no amulet)
HPRegen 0.16/turn               l - ring of willpower
MPRegen 0.10/turn               i - ring of protection from fire

@: no status effects
A: large, rugged brown scales 3, see invisible, deformed body, roll 1, armoured
tail
a: Rolling Charge, Renounce Religion


You were on level 4 of the Dungeon.
You worshipped Okawaru.
Okawaru was noncommittal.
You visited 1 branch of the dungeon, and saw 4 of its levels.

You collected 310 gold pieces.


Innate Abilities, Weirdness & Mutations

You are completely covered in rugged brown scales. (AC +3, +7% HP)
You have supernaturally acute eyesight. (SInv)
Armour fits poorly on your strangely shaped body.
You can roll at nearby foes to attack.
You have a long armoured tail.


   Skills:
 - Level 3.0 Fighting
 + Level 6.6 Long Blades
 - Level 2.4 Armour
 - Level 2.4 Shields


You had 5 spell levels left.
You didn't know any spells.
Your spell library contained the following spells:

 Spells                   Type           Power      Damage    Failure   Level
 Storm Form               Tmut/Air       0%         N/A       100%        7
 Maxwell's Capacitive Co  Air            0%         ∞         100%        8
 Summon Lightning Spire   Summ/Air       Unusable   N/A       N/A         4

Inventory:

Hand Weapons
 a - a +0 long sword (weapon)
Armour
 b - a +0 scale mail
 c - a +0 buckler (worn)
 k - a +0 hat (worn)
 o - the +3 leather armour of the Grue (worn) {-Tele rElec rC+ Dex+3}

   Dex:       It affects your dexterity (+3).
   rC:        It protects you from cold.
   rElec:     It insulates you from electricity.
   -Tele:     It prevents most forms of teleportation.
 p - a +0 pair of gloves (worn)
Jewellery
 i - a ring of protection from fire (right hand)
 l - a ring of willpower (left hand)
Scrolls
 e - 5 scrolls of identify {unknown}
 f - 2 scrolls of teleportation {unknown}
 h - 3 scrolls of immolation {unknown}
 m - a scroll of blinking {unknown}
 q - a scroll of amnesia {unknown}
Potions
 d - 3 potions of might
 g - a potion of haste {unknown}
 j - a potion of brilliance {unknown}
 n - a potion of heal wounds {unknown}
 r - a potion of magic {unknown}
 s - a potion of flight {unknown}

Dungeon Overview and Level Annotations

Branches:
Dungeon (4/15)
 Temple: D:4-7

Altars:
Kikubaaqudgha
Okawaru
Sif Muna
Vehumet

.... ▒▒▒▒ ...
.... ▒▒▒▒▒▒..
.... ▒......▒ ▒
▒▒▒.
..▒.▒......▒.▒
▒.▒.▒...l....▒
▒£▒ ▒...▒......▒
▒... ...▒..O...▒
▒..▒ ▒..▒.H...?▒
▒..▒ ▒..▒......▒▒
▒..▒
▒▒▒..▒£........
▒..▒
▒...>.....▒▒▒▒▒
▒..▒▒▒.▒.▒▒▒▒▒.▒
▒............▒.▒
▒..≈≈≈≈≈.≈≈≈.▒.▒
▒▒.≈...)...≈.▒.▒
▒▒.≈.▒.▒▒▒.≈.....


You could see an ogre and an iguana.


Message History

Things that are here:
a +0 dagger; a stone; a kobold corpse
There is a stone staircase leading down here.
An ogre comes into view. It is wielding a +0 giant club.
The ogre shouts!
You see here 3 gold pieces.
You roll forward with a clatter of scales!
You barely miss the ogre.
Your tail-slap misses the ogre.
You hear an angry hiss.
The ogre hits you with a +0 giant club!
You hit the ogre.
The ogre is lightly wounded.
An iguana comes into view.
You slash the ogre!
The ogre is heavily wounded.
The ogre barely misses you.
You barely miss the ogre. You tail-slap the ogre.
The ogre is severely wounded.
The ogre hits you with a +0 giant club!
* * * LOW HITPOINT WARNING * * *
You hit the ogre.
The ogre is severely wounded.
The ogre hits you with a +0 giant club!!
* * * LOW HITPOINT WARNING * * *
You hit the ogre but do no damage.
The ogre is severely wounded.
The ogre hits you with a +0 giant club!!
You die...

Action                   |  1- 3 |  4- 6 || total
-------------------------+-------+-------++-------
Melee: Long sword        |    77 |   107 ||   184
       Tailslap          |    12 |    10 ||    22
 Abil: Rolling Charge    |       |     4 ||     4
Armor: Scale mail        |    25 |    28 ||    53
       Leather armour    |       |     7 ||     7
Dodge: Dodged            |    22 |    36 ||    58
Block: Buckler           |    12 |    20 ||    32

Levels and vault maps discovered:
D:1:      mrwooster_arrival_arrow, layout_basic,
          shapermc_ecumenical_altar_mp_highgroup
D:2:      layout_loops_ring, uniq_jessica
D:3:      layout_loops_cross, palyth_temple_overflow_mages,
          corexii_corridor_pit, minmay_misc_feat_diagonals
D:4:      layout_basic, mainiacjoe_overflow_brackets

Notes
Turn   | Place    | Note
-------+----------+-------------------------------------------
     0 | D:1      | sanka the Palentonga Fighter began the quest for the Orb.
     0 | D:1      | Reached XP level 1. HP: 19/19 MP: 1/1
   247 | D:1      | Reached XP level 2. HP: 23/25 MP: 2/2
   437 | D:1      | Reached skill level 3 in Long Blades
   474 | D:1      | Found a faded altar of an unknown god.
  1167 | D:1      | Reached XP level 3. HP: 31/31 MP: 3/3
  1472 | D:2      | Noticed Jessica
  1478 | D:2      | Killed Jessica
  1479 | D:2      | Reached skill level 4 in Long Blades
  1669 | D:2      | Reached XP level 4. HP: 37/37 MP: 4/4
  2453 | D:3      | Reached skill level 5 in Long Blades
  2492 | D:3      | Reached XP level 5. HP: 28/43 MP: 5/5
  2635 | D:3      | Found a radiant altar of Vehumet.
  2741 | D:3      | Found an ancient bone altar of Kikubaaqudgha.
  2796 | D:3      | Found a shimmering blue altar of Sif Muna.
  2812 | D:3      | Reached skill level 6 in Long Blades
  3192 | D:4      | Identified the +3 leather armour of the Grue {-Tele rElec
                  | rC+ Dex+3}
  3337 | D:4      | Noticed a necrophage
  3339 | D:4      | Found an iron altar of Okawaru.
  3353 | D:4      | Killed a necrophage
  3354 | D:4      | Reached XP level 6. HP: 33/50 MP: 6/6
  3506 | D:4      | Became a worshipper of Warmaster Okawaru
  3520 | D:4      | HP: 5/50 [ogre (19)]
  3521 | D:4      | Mangled by an ogre

Vanquished Creatures
  A necrophage (D:4)
  A bullfrog zombie (D:3)
  Jessica (D:2)
  3 orc wizards (D:3)
  3 adders
  An adder skeleton (D:4)
  3 worms
  2 dart slugs
  7 bats
  6 endoplasms
  4 giant cockroaches
  5 goblins
  6 hobgoblins
  11 kobolds
  2 ball pythons (D:1)
  3 frilled lizards
  3 rats
62 creatures vanquished.
